 Dungeon Crawl Stone Soup version 0.32-a0-900-g30fb1b0edc (webtiles) character file.

Game seed: 2536536150181215349

1526 Esekla the Magician (level 8, -7/60 HPs)
             Began as a Demonspawn Wanderer on Apr 6, 2024.
             Was a Follower of Vehumet.
             Mangled by a cyclops (30 damage)
             ... on level 6 of the Dungeon.
             The game lasted 00:24:11 (5423 turns).

Esekla the Magician (Demonspawn Wanderer)           Turns: 5423, Time: 00:24:11

Health: -7/60      AC:  3    Str: 11    XL:     8   Next: 54%
Magic:  19/19      EV: 10    Int: 19    God:    Vehumet [*.....]
Gold:   243        SH:  0    Dex: 10    Spells: 17/22 levels left

rFire   . . .        a - +9 flail "Riceax" {venom, rN+ Stlth+}
rCold   . . .        (no shield)
rNeg    + . .        v - +0 robe
rPois   .            y - +0 helmet
rElec   .            (no cloak)
rCorr   .            (no gloves)
SInv    .            (no boots)
Will    .....        (no amulet)
Stlth   ++           q - ring of wizardry
HPRegen 0.30/turn    (no ring)
MPRegen 0.32/turn

%: wizardry (x1)
@: lethally poisoned (-7 -> -10), studying Maces & Flails
A: hooves 1, magic regeneration, demonic touch 2
a: Renounce Religion


You were on level 6 of the Dungeon.
You worshipped Vehumet.
Vehumet was aware of your devotion.
You visited 2 branches of the dungeon, and saw 7 of its levels.

You collected 339 gold pieces.
You spent 96 gold pieces at shops.

Inventory:

Hand Weapons
 a - the +9 flail "Riceax" (weapon) {venom, rN+ Stlth+}
   (You found it on level 6 of the Dungeon)

   rN+:       It protects you from negative energy.
   Stlth+:    It makes you more stealthy.
 s - a +2 dagger of protection
 t - a +0 trident
Missiles
 b - 8 boomerangs (quivered)
Armour
 v - a +0 robe (worn)
 y - a +0 helmet (worn)
Magical Staves
 d - a staff of death
Jewellery
 p - an amulet of faith
 q - a ring of wizardry (left hand)
Wands
 w - a wand of roots (5)
Scrolls
 e - 4 scrolls of identify
 f - a scroll of summoning {unknown}
 g - a scroll of blinking {unknown}
 i - 3 scrolls of immolation
 k - 4 scrolls of poison
 l - a scroll of vulnerability {unknown}
 n - 3 scrolls of teleportation
 r - a scroll of noise {unknown}
 u - a scroll of fear {unknown}
Potions
 c - a potion of attraction
 j - a potion of brilliance {unknown}
 m - 3 potions of invisibility
 o - a potion of enlightenment {unknown}
 x - a potion of resistance {unknown}
 A - a potion of degeneration {unknown}


   Skills:
 * Level 3.7 Fighting
 + Level 0.5 Short Blades
 + Level 0.1 Maces & Flails
 + Level 2.1 Throwing
 + Level 1.0 Armour
 + Level 1.3 Dodging
 + Level 0.4 Stealth
 * Level 7.9 Spellcasting
 + Level 1.6 Translocations
 * Level 5.2 Fire Magic


You had 17 spell levels left.
You knew the following spells:

 Your Spells              Type           Power      Damage    Failure   Level
b - Blink                 Tloc           26%        N/A       2%          2
o - Scorch                Fire           54%        2d7       1%          2
p - Apportation           Tloc           26%        N/A       1%          1

Your spell library contained the following spells:

 Spells                   Type           Power      Damage    Failure   Level
 Freeze                   Ice            28%        1d5       4%          1
 Lesser Beckoning         Tloc           26%        N/A       2%          2
 Shock                    Conj/Air       28%        1d4       4%          1
 Summon Small Mammal      Summ           28%        N/A       4%          1
 Momentum Strike          Conj/Tloc      20%        3d8       4%          2
 Ensorcelled Hibernation  Hex/Ice        14%        N/A       6%          2
 Sublimation of Blood     Necr           7%         N/A       6%          2
 Call Canine Familiar     Summ           7%         N/A       12%         3
 Passwall                 Erth           7%         N/A       12%         3
 Swiftness                Air            7%         N/A       12%         3
 Tukima's Dance           Hex            7%         N/A       12%         3
 Summon Blazeheart Golem  Fire/Summ      17%        N/A       12%         4
 Dimensional Bullseye     Hex/Tloc       5%         N/A       26%         4
 Iskenderun's Mystic Bla Conj/Tloc 10%            2d4        (+2d2     26%         4
 Airstrike                Air            3%         2d(1-17)  34%         4
 Petrify                  Alch/Erth      7%         N/A       34%         4
 Irradiate                Conj/Alch      3%         3d12      67%         5


Dungeon Overview and Level Annotations

Branches:
Dungeon (6/15)             Temple (1/1) D:5

Altars:
Ashenzari
Cheibriados
Dithmenos
Fedhas
Hepliaklqana
Kikubaaqudgha
Makhleb
Nemelex Xobeh
Qazlal
Ru
Sif Muna
Trog
Vehumet
Wu Jian
Yredelemnul

Shops:
D:5 ![

Annotations:
D:6 2 runed translucent doors


Innate Abilities, Weirdness & Mutations

You have large cloven feet.
You regenerate magic rapidly.
Your touch may inflict irresistible damage on your foes.


Message History

The water moccasin poisons you!
You feel better. The water moccasin bites you.
You are poisoned.
The water moccasin poisons you!
You completely miss the water moccasin. Your kick misses the water moccasin.
Your touch misses the water moccasin.
The water moccasin is almost dead.
You feel very sick.
The water moccasin bites you but does no damage.
The water moccasin bites you!
* * * LOW HITPOINT WARNING * * *
You hit the water moccasin. Your touch misses the water moccasin.
The water moccasin is almost dead.
You feel sick. The water moccasin closely misses you.
The water moccasin bites you.
* * * LOW HITPOINT WARNING * * *
You are lethally poisoned!
The water moccasin poisons you!
You feel much better.
You feel very sick. The water moccasin barely misses you.
You closely miss the water moccasin. Your kick misses the water moccasin.
The water moccasin is almost dead.
You feel very sick. The water moccasin bites you.
The water moccasin closely misses you.
You closely miss the water moccasin.
You kick the water moccasin, but do no damage.
The water moccasin is almost dead.
You feel very sick.
The water moccasin barely misses you. x2
You barely miss the water moccasin. You kick the water moccasin.
You kill the water moccasin!
Vehumet accepts your kill.
You feel sick.
You feel much better.
You feel sick. The cyclops hits you!
You sock the cyclops!
The cyclops is poisoned.
The cyclops is lightly wounded.
You feel sick. The cyclops hits you!!
Ouch! That really hurt!
You die...

#.#ß... ### ..#?... #.. ......
.#}..B ## # ... ......# #ß..W
#=. )##.. #......# .. #ß..
#####C##.#.#####......#
...##++##.'.##.#.#............#
.........)##.#...#............#
..........#.####C#............#
..........##...@##............#
...........######.)...........#
..............................#
..........#...##########......#
#######+###...##......)#......#
#................'......# ..
#................#......# ...
#.......##########......## ....
#.......##.......#........


You could see a cyclops (very poisoned).

Vanquished Creatures
  3 water moccasins
  2 ice beasts (D:5)
  4 ogres
  A phantom (D:3)
  2 scorpions (D:5)
  A howler monkey (D:5)
  A bombardier beetle (D:3)
  2 jellies (D:5)
  3 orc priests
  A hound (D:5)
  An iguana (D:5)
  A sleepcap (D:2)
  2 orc wizards
  3 adders
  A shadow imp (D:5)
  5 dart slugs
  2 ribbon worms
  15 orcs
  4 bats
  8 endoplasms
  4 giant cockroaches
  9 goblins
  3 hobgoblins
  3 jackals (D:1)
  6 kobolds
  5 quokkas
  3 ball pythons
  3 frilled lizards
  8 rats
106 creatures vanquished.

Notes
Turn   | Place    | Note
-------+----------+-------------------------------------------
     0 | D:1      | Esekla the Demonspawn Wanderer began the quest for the Orb.
     0 | D:1      | Esekla set off with the following items: a +0 dagger, 8
                  | boomerangs, a potion of attraction, a +0 robe; and the
                  | following spells available to memorise: Apportation, Summon
                  | Small Mammal, Blink, Lesser Beckoning, Momentum Strike,
                  | Scorch.
     0 | D:1      | Reached XP level 1. HP: 13/13 MP: 5/5
     2 | D:1      | Learned a level 1 spell: Apportation
   355 | D:1      | Discovered your monstrous ancestry.
   355 | D:1      | Gained mutation: Your touch may inflict minor irresistible
                  | damage on your foes. [demonic ancestry]
   355 | D:1      | Reached XP level 2. HP: 20/20 MP: 7/7
   407 | D:1      | Learned a level 2 spell: Blink
   410 | D:1      | Learned a level 2 spell: Scorch
   815 | D:1      | Reached XP level 3. HP: 25/25 MP: 6/9
  1091 | D:2      | Reached skill level 1 in Fighting
  1233 | D:2      | Reached XP level 4. HP: 19/32 MP: 2/10
  1780 | D:3      | Noticed a phantom
  1893 | D:3      | Reached skill level 5 in Spellcasting
  2162 | D:3      | Reached skill level 1 in Fire Magic
  2297 | D:3      | Found a radiant altar of Vehumet.
  2302 | D:3      | Became a worshipper of Vehumet
  2391 | D:3      | Killed a phantom
  2392 | D:3      | Reached XP level 5. HP: 34/38 MP: 3/12
  2535 | D:3      | Found an ancient bone altar of Kikubaaqudgha.
  2837 | D:4      | Noticed an ogre
  3119 | D:4      | Gained mutation: You regenerate magic rapidly. [demonic
                  | ancestry]
  3119 | D:4      | Reached XP level 6. HP: 39/46 MP: 11/14
  3873 | D:5      | Entered Level 5 of the Dungeon
  3900 | D:5      | Found a staircase to the Ecumenical Temple.
  3912 | Temple   | Entered the Ecumenical Temple
  3922 | D:5      | Reached skill level 6 in Spellcasting
  4133 | D:5      | Gained mutation: Your touch may inflict irresistible damage
                  | on your foes. [demonic ancestry]
  4133 | D:5      | Reached XP level 7. HP: 52/52 MP: 9/16
  4428 | D:5      | Found Circhauf's Distillery.
  4434 | D:5      | Bought a potion of heal wounds for 60 gold pieces
  4434 | D:5      | Bought a potion of curing for 36 gold pieces
  4499 | D:5      | Reached * piety under Vehumet
  4499 | D:5      | Offered knowledge of Freeze by Vehumet.
  4527 | D:5      | Reached skill level 7 in Spellcasting
  4709 | D:5      | Gained mutation: You have large cloven feet. [demonic
                  | ancestry]
  4709 | D:5      | Reached XP level 8. HP: 58/58 MP: 13/18
  4712 | D:5      | Found Enlock's Antique Armour Shop.
  5032 | D:5      | Found a burning altar of Makhleb.
  5211 | D:5      | Reached skill level 5 in Fire Magic
  5354 | D:6      | Identified the +9 flail "Riceax" {venom, rN+ Stlth+}
  5388 | D:6      | Found a large runed translucent door.
  5388 | D:6      | Found a large runed translucent door.
  5392 | D:6      | Noticed a boulder beetle
  5404 | D:6      | Noticed a gargoyle
  5405 | D:6      | Noticed a cyclops
  5423 | D:6      | Mangled by a cyclops

Illustrated notes

Levels and vault maps discovered:
D:1:      amcnicky_arrival_feature_with_door, layout_rooms,
          minmay_stone_trees_small
D:2:      layout_rooms, minmay_misc_feat_hallway, kennysheep_cross_bottleneck,
          st_stairs_1, grunt_decor_fettered
D:3:      layout_loops_cross, kiku_gazebo_pond_becter,
          mainiacjoe_overflow_alcove_2
D:4:      layout_loops_corners, minmay_misc_feat_plants, hangedman_glass_garden
D:5:      layout_loops_corners, mainiacjoe_overflow_surrounded_room,
          minmay_temple_entry_overgrown, serial_shops, shop, shop,
          minmay_manual_monstrance
D:6:      layout_gridville, minmay_hollow_rounded_squares
Temple:   nicolae_temple_superstar

Skill      XL: |  1  2  3  4  5  6  7  8 |
---------------+-------------------------+-----
Throwing       | 2 |  2.1
Fighting       | 1 2 3 |  3.7
Spellcasting   | 5 6 7 |  7.9
Fire Magic     | 1 2 4 5 |  5.2
Short Blades   | |  0.5
Maces & Flails | |  0.1
Armour         | |  1.0
Dodging        | |  1.3
Stealth        | |  0.4
Translocations | |  1.6

Action                     |  1- 3 |  4- 6 |  7- 9 || total
---------------------------+-------+-------+-------++-------
  Melee: Dagger            |    48 |    34 |    16 ||    98
         Touch             |     9 |    10 |     4 ||    23
         Flail             |       |       |    11 ||    11
         Kick              |       |       |     2 ||     2
  Throw: Boomerang         |    22 |     7 |     5 ||    34
   Cast: Apportation       |    17 |     1 |       ||    18
         Scorch            |    12 |    61 |    63 ||   136
         Blink             |       |     1 |       ||     1
    Use: Scroll            |       |       |     3 ||     3
         Potion            |       |       |     4 ||     4
   Stab: Sleeping          |     1 |       |       ||     1
 Armour: Robe              |    24 |    36 |    45 ||   105
  Dodge: Dodged            |    41 |    34 |    39 ||   114

Table legend: (Time is in decaauts)
 A = Elapsed time spent in this place.
 B = Non-inter-level travel time spent in this place.
 C = Inter-level travel time spent in this place.
 D = Time resting spent in this place.
 E = Time spent auto-exploring this place.
 F = Levels seen in this place.
 G = Mean time per level.
                   A        B        C        D        E       F      G
               +--------+--------+--------+--------+--------+-----+--------+
         Total |   5439 |   5263 |    176 |   1396 |   1877 |   7 |  777.0 |
       Dungeon |   5240 |   5064 |    176 |   1232 |   1877 |   6 |  873.3 |
        Temple |    198 |    198 |      0 |    164 |      0 |   1 |  198.0 |
               +--------+--------+--------+--------+--------+-----+--------+

Top non-repeatable levels by time:
     D:5: 1244 daAuts
     D:4: 1059 daAuts
     D:1: 1006 daAuts
     D:3: 977 daAuts
     D:2: 837 daAuts
  Temple: 198 daAuts
     D:6: 115 daAuts
